Cogmind - Beta 13 @@@ ROGUE MODE // 2024.04.01 @ 03:42:19 Player: Simyon Result: Destroyed by S-10 Pest with Light Assault Rifle Performance ------------- Evolutions (0) 0 Regions Visited (2) 400 Robots Destroyed (65) 325 Value Destroyed (584) 584 Prototype IDs (0) 0 Alien Tech Used (0) 0 Bonus (38) 38 TOTAL SCORE: 1347 Bonus ------- Follower Combat Kills 50 Friendly Fire -12 Cogmind --------- Core Integrity 0/250 Matter 300/300 Energy 100/100 System Corruption 1% Temperature Cool (0) Movement Core (1350) Ox26 Location -10/Mines Parts ------- > --- POWER (1) -------- (None) > --- PROPULSION (2) --- (None) > --- UTILITY (2) ------ Huge Storage Unit Sensor Array > --- WEAPON (2) ------- (None) > --- INVENTORY (25) --- Light Ion Engine Light Nuclear Core Light Treads Wheel Wheel Peak State ------------ > --- POWER ------------ Light Ion Engine > --- PROPULSION ------- Light Treads Light Treads > --- UTILITY ---------- Small Storage Unit Sensor Array > --- WEAPON ----------- Assault Rifle Assault Rifle > --- INVENTORY -------- Light Ion Engine [Rating: 7] Favorites ----------- Power Light Ion Engine Engine Light Ion Engine Propulsion Light Treads Treads Light Treads Utility Sensor Array Device Sensor Array Storage Huge Storage Unit Weapon Assault Rifle Ballistic Gun Assault Rifle Impact Weapon Hammer Build | -11 -10 -10 ------- Run | Yrd Mat Min Slots Evolved . | . . . Power . | . . . Propulsion . | . . . Utility . | . . . Weapon . | . . . Parts Attached 12 | 4 6 2 Power 2 | 1 1 . Engine 2 | 1 1 . Core . | . . . Reactor . | . . . Propulsion 3 | 2 . 1 Treads 3 | 2 . 1 Leg . | . . . Wheel . | . . . Hover . | . . . Flight . | . . . Utility 4 | 1 3 . Device 1 | . 1 . Storage 3 | 1 2 . Processor . | . . . Hackware . | . . . Protection . | . . . Artifact . | . . . Weapon 3 | . 2 1 Energy Gun . | . . . Energy Cannon . | . . . Ballistic Gun 2 | . 2 . Ballistic Cannon . | . . . Launcher . | . . . Special Weapon . | . . . Impact Weapon 1 | . . 1 Slashing Weapon . | . . . Piercing Weapon . | . . . Special Melee Weapon . | . . . Unidentified Prototypes . | . . . Parts Lost 6 | . . 6 Power 1 | . . 1 Propulsion 2 | . . 2 Utility . | . . . Weapon 3 | . . 3 Highest Loss Streak 4 | . . 4 To Critical Strikes 1 | . . 1 Average Slot Usage (%) 97 | . 98 73 Engine 13 | . 14 4 Treads 27 | . 28 16 Device 13 | . 13 14 Storage 14 | . 14 14 Ballistic Gun 26 | . 27 12 Naked Turns . | . . . Heaviest Build 88 | 8 88 88 Greatest Support 40 | 40 40 40 Greatest Overweight (x) 27 | . 2 27 Average Overweight (x) . | . . 6 Largest Inventory Capacity 25 | 8 25 25 Average Capacity 16 | 7 16 25 Most Carried 6 | 4 6 5 Average Carried 3 | 2 3 4 Final Capacity 25 | 8 25 25 Final Carried 5 | 3 5 5 Class Distribution -------------------- 100% | Mutant Dominant Class ---------------- Mutant | -10/Materials Mutant | -10/Mines Resources | -11 -10 -10 ----------- Run | Yrd Mat Min Matter Collected 1464 | 210 1183 71 Remotely . | . . . Salvage Created 2388 | . 2221 167 Parts 197 | . 192 5 Haulers Intercepted 2 | . 2 . Recyclers Shooed 5 | . 5 . Parts Field Recycled . | . . . Retrieved Matter . | . . . Parts Self-Destructed . | . . . Prevented . | . . . Kills | -11 -10 -10 ------- Run | Yrd Mat Min Combat Hostiles Destroyed 12 | . 7 5 Melee 4 | . . 4 Guns 7 | . 6 1 AOE 1 | . 1 . Classes Destroyed 9 | . 9 . Worker 47 | . 47 . Builder 22 | . 22 . Tunneler 3 | . 2 1 Hauler 2 | . 2 . Recycler 5 | . 5 . Operator 1 | . 1 . Watcher 2 | . 2 . Swarmer 4 | . 2 2 Grunt 8 | . 5 3 Best Kill Streak 7 | . 7 3 Combat Bots Only 3 | . 2 3 Max Kills in Single Turn 2 | . 2 1 Gunslinging 1 | . 1 . Exploded 1 | . 1 . Melee 1 | . . 1 Uniques/NPCs Destroyed . | . . . Combat | -11 -10 -10 -------- Run | Yrd Mat Min Hostile Shots Fired 146 | . 51 95 Missed 47 | . 20 27 Damage Taken 1032 | . 335 697 Core 252 | . 55 197 Absorbed by Shields . | . . . Core Remaining (%) 100 | 100 . . Volleys Fired 201 | . 179 22 Largest 2 | . 2 2 Hottest 40 | . 40 40 Shots Fired 381 | . 358 23 Gun 381 | . 358 23 Cannon . | . . . Launcher . | . . . Special . | . . . Kinetic 381 | . 358 23 Thermal . | . . . Explosive . | . . . Electromagnetic . | . . . Robot Hit Streak 11 | . 11 9 Robot Miss Streak 4 | . 4 2 Penetration Max . | . . . Secondary Targets 2 | . 2 . Max Gunslinging Chain 1 | . 1 . Shots Hit Robots 225 | . 199 26 Core Hits 104 | . 97 7 Critical Kills 1 | . . 1 Critical Parts Destroyed 3 | . 1 2 Critical Strikes 4 | . 1 3 Destroy 1 | . 1 . Smash 3 | . . 3 Melee Attacks 12 | . . 12 Impact 12 | . . 12 Slashing . | . . . Piercing . | . . . Sneak Attacks 1 | . . 1 Combat Hostiles . | . . . Follow-up Attacks . | . . . Damage Inflicted 2951 | . 2482 469 Guns 2703 | . 2479 224 Cannons . | . . . Explosions . | . . . Melee 245 | . . 245 Ramming 3 | . 3 . Kinetic 2703 | . 2479 224 Thermal . | . . . Explosive . | . . . Electromagnetic . | . . . Impact 245 | . . 245 Slashing . | . . . Piercing . | . . . Highest Corruption 1 | . 1 1 Average Corruption 1 | . 1 1 Corruption Purged . | . . . Corruption Blocked . | . . . Effects 24 | . 22 2 Message Errors 6 | . 6 . Matter Fused 4 | . 4 . Heat Flow Errors 2 | . 1 1 Energy Discharges 2 | . 2 . Parts Rejected 1 | . . 1 Parts Fused 1 | . 1 . Data Loss (minor) 3 | . 3 . Data Loss (major) 2 | . 2 . Alerts 3 | . 3 . Overload Shots . | . . . Overflow Damage 66 | . . 66 Projectiles . | . . . Explosions . | . . . Melee 66 | . . 66 Knockbacks . | . . . Impact . | . . . Kinetic . | . . . Secondary . | . . . Self-Inflicted Damage . | . . . Shots . | . . . Rammed 2 | . 2 . Targets Rammed 2 | . 2 . Kicked . | . . . Crushed . | . . . Highest Temperature 227 | . 227 103 Average Temperature 63 | . 73 41 Received Heat Transfer 363 | . 135 228 Siege Activations . | . . . Robots Corrupted . | . . . Combat Hostiles . | . . . Parts Fried 4 | . . 4 Impact Corruptions 4 | . . 4 Robots Melted . | . . . Combat Hostiles . | . . . Parts Melted . | . . . Heat Transferred . | . . . Parts Sabotaged . | . . . Parts Stolen . | . . . Parts Stripped . | . . . Power Chain Reactions . | . . . Alert | -11 -10 -10 ------- Run | Yrd Mat Min Peak Influence 136 | . 124 136 Initial 39 | . . 39 Average 46 | . 47 82 Maximum Alert Level . | . . . Low Security (%) 100 | 100 100 100 Level 1 . | . . . Level 2 . | . . . Level 3 . | . . . Level 4 . | . . . Level 5 . | . . . High Security . | . . . Max Security . | . . . Squads Dispatched 3 | . 2 1 Investigation 1 | . 1 . Extermination . | . . . Reinforcement 1 | . 1 . Assault 1 | . . 1 Garrison . | . . . Intercept . | . . . Searches Triggered . | . . . Construction Impeded . | . . . Haulers Reinforced . | . . . Active Scanning Responses . | . . . Cargo Convoy Interrupts . | . . . Stealth | -11 -10 -10 --------- Run | Yrd Mat Min Distress Signals . | . . . Communications Jammed . | . . . Distress Signals . | . . . Times Spotted 22 | . 13 9 Peak Tracking Total 6 | . 5 6 Tactical Retreats . | . . . Traps | -11 -10 -10 ------- Run | Yrd Mat Min Traps Triggered 2 | . 2 . Indirectly . | . . . Trap Hack Attempts . | . . . Triggered . | . . . Disarmed . | . . . Reprogrammed . | . . . Reused . | . . . Traps Extracted . | . . . Installed . | . . . Triggered . | . . . Machines | -11 -10 -10 ---------- Run | Yrd Mat Min Machines Disabled 1 | . 1 . Max in Single Turn 1 | . 1 . Machines Repaired . | . . . Machines Dismantled . | . . . Machines Sabotaged . | . . . Overloaded Fab Kills . | . . . Hacking | -11 -10 -10 --------- Run | Yrd Mat Min Machines Accessed 2 | . 2 . Terminals 2 | . 2 . Fabricators . | . . . Repair Stations . | . . . Recycling Units . | . . . Scanalyzers . | . . . Garrison Access . | . . . Total Hacks 6 | . 6 . Successful 4 | . 4 . Failed 2 | . 2 . Catastrophic . | . . . Database Lockouts . | . . . Manual 2 | . 2 . Terminals 6 | . 6 . Fabricators . | . . . Repair Stations . | . . . Recycling Units . | . . . Scanalyzers . | . . . Garrison Access . | . . . Terminal Hacks 4 | . 4 . Record 1 | . 1 . Maintenance Status 1 | . 1 . Recall Investigation 1 | . 1 . Hauler Manifests 1 | . 1 . Fabricator Hacks . | . . . Repair Station Hacks . | . . . Recycling Unit Hacks . | . . . Scanalyzer . | . . . Garrison Access Hacks . | . . . Unauthorized Hacks . | . . . Terminals . | . . . Fabricators . | . . . Repair Stations . | . . . Recycling Units . | . . . Scanalyzers . | . . . Garrison Access . | . . . Data Cores Recovered . | . . . Used . | . . . Hacking Detections 1 | . 1 . Full Trace Events 1 | . 1 . Feedback Events . | . . . Feedback Blocked . | . . . Robot Schematics Acquired . | . . . Robots Built . | . . . Authchips . | . . . Time . | . . . Total Robot Build Rating . | . . . Part Schematics Acquired . | . . . Parts Built . | . . . Authchips . | . . . Time . | . . . Total Part Build Rating . | . . . Parts Repaired . | . . . Time . | . . . Parts Recycled . | . . . Recycled Matter . | . . . Retrieved Matter . | . . . Retrieved Components . | . . . Parts Scanalyzed . | . . . Part Schematics Acquired . | . . . Parts Damaged . | . . . Bothacking | -11 -10 -10 ------------ Run | Yrd Mat Min Used RIF Installer . | . . . Robots Hacked . | . . . Non-combat . | . . . Combat . | . . . Robot Hacks Applied . | . . . Relay Couplers Released . | . . . Fabnet Peak Effective % . | . . . Robots Rewired . | . . . Allies Hacked . | . . . Hacks Repelled . | . . . Allies | -11 -10 -10 -------- Run | Yrd Mat Min Total Allies 1 | . . 1 Largest Group 1 | . . 1 Highest-Rated Group 31 | . . 31 Highest-Rated Ally 31 | . . 31 Total Orders . | . . . Ally Attacks 11 | . . 11 Total Damage 213 | . . 213 Kills 2 | . . 2 Allies Corrupted . | . . . Allies Melted . | . . . Intel | -11 -10 -10 ------- Run | Yrd Mat Min Robot Analysis Total . | . . . Derelict Logs Recovered . | . . . Drone Launches . | . . . Drone Recoveries . | . . . Exploration | -11 -10 -10 ------------- Run | Yrd Mat Min Turns Passed 4064 | 167 3730 167 Spaces Moved 1503 | 49 1437 17 Core 9 | 6 . 3 Treads 1494 | 43 1437 14 Legs . | . . . Wheels . | . . . Hover . | . . . Flight . | . . . Fastest Speed 50 | 50 160 320 Average Speed 221 | 146 220 545 Slowest Speed 1400 | 160 320 1400 Overloaded Moves . | . . . Propulsion Burnouts . | . . . Robots Hopped . | . . . Cave-ins Triggered . | . . . Exploration Rate (%) 38 | 7 99 10 Regions Visited 2 Branch Regions 1 Pre-discovered Areas . | . . . Known Exits Taken . | . . . Unknown Exits Taken 2 | 1 1 . Scrap Searched . | . . . Spaces Dug . | . . . Terrain Destroyed . | . . . Melee . | . . . Projectile . | . . . AOE . | . . . Terrain Rammed . | . . . Walls Destroyed . | . . . Machines Disabled . | . . . Actions | -11 -10 -10 --------- Run | Yrd Mat Min Total 1837 | 144 1638 55 Wait 89 | 85 4 . Move 1501 | 48 1436 17 Hop . | . . . Pick Up 17 | 7 8 2 Fast Attach . | . . . Attach 9 | 4 3 2 Detach . | . . . Swap 3 | . 3 . Drop 3 | . 3 . Fire 201 | . 179 22 Melee 12 | . . 12 Ram . | . . . Kick . | . . . Crush 2 | . 2 . Escape Stasis . | . . . Rewire . | . . . Trap . | . . . Miscellaneous . | . . . Route ------- -11/Scrapyard -10/Materials (discovered 4 exits: [*Mat x3] / [*Min]) -10/Mines History --------- Turn | Location | Event 46 | -11/Scrapyard | Discovered new exit (range 16) 168 | -11/Scrapyard | Entered Materials 301 | -10/Materials | Build established: Mutant 874 | -10/Materials | Discovered new exit (range 14) 1089 | -10/Materials | Discovered new exit (range 5) 2025 | -10/Materials | Discovered new exit (range 15) 2521 | -10/Materials | Discovered new exit (range 16) 3898 | -10/Materials | Entered Mines 3899 | -10/Mines | Met a Derelict testing a Signal Generator 4028 | -10/Mines | Core integrity fell below 50% 4042 | -10/Mines | Core integrity fell below 20% 4046 | -10/Mines | Lost 4 parts (1p2n1w) 4065 | -10/Mines | Destroyed by S-10 Pest with Light Assault Rifle Last Messages --------------- Lgt. Treads destroyed. K-01 Serf collects debris. S-10 Pest destroyed. K-01 Serf collects debris. Destroyed Flight Unit. S-10 Pest system corrupted by crushing effect. S-10 Pest suffers critical hit (Smash). Destroyed Flight Unit. S-10 Pest system corrupted by crushing effect. S-10 Pest destroyed. Sneak attack on T-07 Excavator. Destroyed Mining Laser. T-07 Excavator system corrupted by crushing effect. T-07 Excavator system terminally corrupted. Imp. Terrain Scanner fried. Wheel fried. Lgt. Ion Engine fried. Critical hit (Destroy). Hammer destroyed. Map ----- +----------------------------------------------------+ | ??????????????????????????????????? | | ??????????????????????????????????? | | ??????????????????????????????????? | | ??????????????????????????????????? | | ??????????????????????????????????? | | ??????????????????????????????????? | | ??????????????????????????????????? | | ??????????????????????????????????? | | ??????????????????????????????????? | | ??????????????????????????????????? | | ??????????????????????????????????? | | ?????????????????????????#????????? | | ???????????????????????#? ????????? | | ???????????????????????# ""??????? | | ????????????? ?????????? ""??????? | | ????????????? #???????? ""??????? | | ???????????? ??????? ??????? | | ???????????? ?????? ??????? | | ????????????? ?????? ??????? | | ??????????????# ????? ??????? | | ?????????????## ???? ??????? | | ????????????## #???# #?####?? | | ???????????## #??# ### ##? | | ???????????# #?#=## #? | | ???????????# ##%# #? | | ????????????# %s@%%% #? | | ????????????????### %m%*=! #? | | ??????????????????## ###### #? | | ???????????????????# ?????# #? | | ??????????????????# ?????## ##? | | ?????????????????# #??????###?? | | ????????????????# #???????????? | | ??????????????? #????????????? | | ?????????????? #?????????????? | | ????????????? r #??????????????? | | ????????????? #???????????????? | | ????????????? ????????????????? | | ??????????????? ?????????????????? | | ??????????????????????????????????? | | ??????????????????????????????????? | | ??????????????????????????????????? | | ??????????????????????????????????? | | ??????????????????????????????????? | | ??????????????????????????????????? | | ??????????????????????????????????? | | ??????????????????????????????????? | | ??????????????????????????????????? | | ??????????????????????????????????? | | ??????????????????????????????????? | | ??????????????????????????????????? | +----------------------------------------------------+ Best States ------------- Heat Dissipation 25 Energy Generation 10 Energy Capacity 125 Matter Stores 300 Matter Capacity 300 Sight Range 16 Robot Scan Range 14 Terrain Scan Density 10 Evasion (%) 40 Recoil Reduction 2 Item Schematics ----------------- None Robot Schematics ------------------ None Fabricated ------------ Nothing Alien Tech Used ----------------- None Achievements -------------- Hey, That's Mine! Shopping List Challenges ------------ None Game ------ Seed FusionAbsorptionSaw Manual? 0 Play Time 00:24:34 Cumulative 2.1 hours Start 2024.04.01 @ 03:17:18 End 2024.04.01 @ 03:42:19 Sessions 1 Manual Loads 0 Difficulty Rogue Special Mode None Game No. 5 Rogue 5 Adventurer 0 Explorer 0 Win Type - Total 0 Types 0/0/0/0/0/0/0/0/0 Lore% 1 Gallery% 4 Achievement% 7 Wizard Run 0 Options --------- Layout 1 ASCII 0 Keyboard 0 Movement Arrows Keybinds 0 Fullscreen 1 Font 24/Smallcaps Map View 50x35 Zoom Use 0% Tactical HUD 0 Map Filters NONE Filters NONE Steam 1 RUN: 45096a49-7fcf-49ed-a0d2-b450a43a4398